 Dungeon Crawl Stone Soup version 0.28-a0-1159-g27aa881441 (webtiles) character file.

Game seed: 17906505143737085212

11 coolguy420 the Conjurer (level 2, 0/15 HPs)
             Began as a Deep Elf Conjurer on Dec 15, 2021.
             Was a Follower of Makhleb.
             Slain by a hobgoblin (3 damage)
             ... on level 1 of the Dungeon.
             The game lasted 00:00:52 (1249 turns).

coolguy420 the Conjurer (Deep Elf Conjurer)         Turns: 1249, Time: 00:00:53

Health: 0/15       AC:  2    Str:  4    XL:     2   Next: 17%
Magic:  8/8        EV: 12    Int: 22    God:    Makhleb [*.....]
Gold:   22         SH:  0    Dex: 13    Spells: 6/7 levels left

rFire   . . .      SeeInvis .   (no weapon)
rCold   . . .      Faith    .   (no shield)
rNeg    . . .      Spirit   .   a - +0 robe
rPois   .          Reflect  .   (no helmet)
rElec   .          Harm     .   (no cloak)
rCorr   .          Rampage  .   (no gloves)
Will    .....                   (no boots)
Stlth   ++........              (no amulet)
HPRegen 0.05/turn               (no ring)
MPRegen 0.11/turn               (no ring)

@: no status effects
A: no striking features
a: Renounce Religion


You were on level 1 of the Dungeon.
You worshipped Makhleb.
Makhleb was aware of your devotion.
You visited 1 branch of the dungeon, and saw 1 of its levels.

You collected 22 gold pieces.

Inventory:

Armour
 a - a +0 robe (worn)
Potions
 b - a potion of heal wounds {unknown}
 c - a potion of ambrosia {unknown}
 d - a potion of curing {unknown}


   Skills:
 + Level 2.4 Dodging
 + Level 2.6 Stealth
 + Level 3.0 Spellcasting
 + Level 4.8 Conjurations


You had 6 spell levels left.
You knew the following spells:

 Your Spells              Type           Power      Damage    Failure   Level
a - Magic Dart            Conj           96%        1d7       1%          1

Your spell library contained the following spells:

 Spells                   Type           Power      Damage    Failure   Level
 Searing Ray              Conj           48%        2d6       2%          2
 Dazzling Flash           Conj/Hex       28%        N/A       14%         3
 Fulminant Prism          Conj/Hex       7%         3d7       41%         4
 Iskenderun's Mystic Bla  Conj/Tloc      14%        2d5       41%         4


Dungeon Overview and Level Annotations

Branches:
Dungeon (1/15)

Altars:
Makhleb


Message History

You see here a +0 short sword.
You see here a +0 ring mail.
You open the door.
A hobgoblin comes into view.
Found a stone staircase leading down.
There is an open door here.
The hobgoblin shouts!
The hobgoblin hits you.
You hit the hobgoblin.
The hobgoblin is heavily wounded.
The hobgoblin hits you.
You hit the hobgoblin.
The hobgoblin is almost dead.
The hobgoblin barely misses you.
You hit the hobgoblin but do no damage.
The hobgoblin is almost dead.
The hobgoblin hits you.
You barely miss the hobgoblin.
The hobgoblin is almost dead.
The hobgoblin misses you.
You completely miss the hobgoblin.
The hobgoblin is severely wounded.
The hobgoblin hits you.
* * * LOW HITPOINT WARNING * * *
You barely miss the hobgoblin.
The hobgoblin is severely wounded.
The hobgoblin closely misses you.
You hit the hobgoblin but do no damage.
The hobgoblin is severely wounded.
The hobgoblin barely misses you.
You hit the hobgoblin but do no damage.
The hobgoblin is severely wounded.
The hobgoblin closely misses you.
You barely miss the hobgoblin.
The hobgoblin is severely wounded.
The hobgoblin closely misses you.
You closely miss the hobgoblin.
The hobgoblin is severely wounded.
The hobgoblin hits you.
You die...

#.# #.# ## ######.#
#. #...##.# ###.
#...##.# #.+.
#...##.#########.#.
#...##........##.#.
#...##........#..#.
#.@.'.....#.....#..
#.g.###...#.....##.
#...# #...#.#.#.##.
###.# #...#.....#..
#.# #...#.....#..
#.# #...#.#.#.#..
#.# #...#.....#..
#>. ....#.....#..
#..


You could see a hobgoblin.

Vanquished Creatures
  A dart slug (D:1)
  A ball python (D:1)
  2 endoplasms (D:1)
  A quokka (D:1)
  A bat (D:1)
  A frilled lizard (D:1)
  2 kobolds (D:1)
  A rat (D:1)
10 creatures vanquished.

Notes
Turn   | Place    | Note
-------+----------+-------------------------------------------
     0 | D:1      | coolguy420 the Deep Elf Conjurer began the quest for the
                  | Orb.
     0 | D:1      | Reached XP level 1. HP: 10/10 MP: 6/6
   361 | D:1      | Found a faded altar of an unknown god.
   422 | D:1      | Prayed at the altar of an unknown god.
   422 | D:1      | Became a worshipper of Makhleb the Destroyer
   422 | D:1      | Reached * piety under Makhleb
   438 | D:1      | Reached XP level 2. HP: 15/15 MP: 4/8
  1249 | D:1      | Slain by a hobgoblin

Illustrated notes

Levels and vault maps discovered:
D:1:      minmay_arrival_doors, layout_basic, basic_ecumenical_altar,
          minmay_misc_feat_rugged, columned_hall_lemuel,
          chequers_serial_rivers_large_b, minmay_misc_feat_enclosed

Action                   || total
-------------------------++-------
Melee: Unarmed           ||    29
 Cast: Magic Dart        ||    14
 Stab: Sleeping          ||     1
Armor: Robe              ||     2
Dodge: Dodged            ||    11

Table legend: (Time is in decaauts)
 A = Elapsed time spent in this place.
 B = Non-inter-level travel time spent in this place.
 C = Inter-level travel time spent in this place.
 D = Time resting spent in this place.
 E = Time spent auto-exploring this place.
 F = Levels seen in this place.
 G = Mean time per level.
                   A        B        C        D        E       F      G
               +--------+--------+--------+--------+--------+-----+--------+
         Total |   1272 |   1255 |     17 |      0 |   1164 |   1 | 1272.0 |
       Dungeon |   1272 |   1255 |     17 |      0 |   1164 |   1 | 1272.0 |
               +--------+--------+--------+--------+--------+-----+--------+

Top non-repeatable levels by time:
     D:1: 1272 daAuts
